 Dungeon Crawl Stone Soup version 0.28-a0-1504-g839a4452db (webtiles) character file.

Game seed: 2956606636218217897

2131 Nattfarinn the Covert (level 9, 0/82 HPs)
             Began as a Kobold Brigand on Jan 13, 2022.
             Was a Follower of Ashenzari.
             Succumbed to a killer bee's poison
             ... on level 7 of the Dungeon.
             The game lasted 00:13:42 (8128 turns).

Nattfarinn the Covert (Kobold Brigand)              Turns: 8128, Time: 00:13:42

Health: 0/82       AC: 28    Str:  8    XL:     9   Next: 55%
Magic:  3/9        EV:  3    Int: 12    God:    Ashenzari [*.....]
Gold:   256        SH:  0    Dex: 21    Spells: 8/8 levels left

rFire   . . .      SeeInvis .   a - +3 dagger
rCold   . . .      Faith    .   (no shield)
rNeg    . . .      Spirit   +   (armour currently unavailable)
rPois   +          Reflect  .   (helmet currently unavailable)
rElec   .          Harm     .   (cloak currently unavailable)
rCorr   .          Rampage  .   (gloves currently unavailable)
Will    .....      NoTele   +   (boots currently unavailable)
Stlth   ++++++....              s - amulet of guardian spirit
HPRegen 0.23/turn               f - +4 ring of protection
MPRegen 0.11/turn               (no ring)

@: mighty, lethally poisoned (0 -> -3), tree-form, invisible
A: stationary, stasis, torment immunity, boosted hp, small, no large weapons,
nightstalker 3
a: Renounce Religion, Shatter the Chains


You were on level 7 of the Dungeon.
You worshipped Ashenzari.
Ashenzari was aware of your devotion.
You were a tree.
You visited 1 branch of the dungeon, and saw 7 of its levels.

You collected 256 gold pieces.

Inventory:

Hand Weapons
 a - a +3 dagger (weapon)
 b - the +5 hunting sling "Meppenug" {venom, rN+ Int-4 Dex+2}
   (You found it on level 4 of the Dungeon)

   Any ammunition fired from it poisons the flesh of those it strikes.
   Int:       It affects your intelligence (-4).
   Dex:       It affects your dexterity (+2).
   rN:        It protects you from negative energy.
 D - a +1 dagger of venom
Missiles
 d - 11 poisoned darts
 e - 3 curare-tipped darts (quivered)
 v - 205 stones
Armour
 c - the cursed +0 cloak of the Revealing Apathy (melded) {Comp, Self}

   It has a curse which improves the following skills: Companions: Summonings
   and Necromancy.
   Introspection: Fighting and Spellcasting.
 k - a +0 pair of gloves (melded)
 u - the cursed +0 robe "Sun of the Elysian Seer" (melded) {Range, Comp}

   It has a curse which improves the following skills: Ranged Combat: Slings,
   Bows, Crossbows and Throwing.
   Companions: Summonings and Necromancy.
 w - a +0 helmet (melded)
 A - a +0 buckler
Jewellery
 f - a +4 ring of protection (left branch)
 s - an amulet of guardian spirit (around neck)
Wands
 B - a wand of charming (6)
 C - a wand of mindburst (2)
Scrolls
 g - 2 scrolls of magic mapping
 l - 2 scrolls of fear
 o - a scroll of enchant armour
 p - a scroll of torment
 q - a scroll of holy word
 x - 2 scrolls of teleportation
 y - a scroll of identify
Potions
 h - 2 potions of degeneration
 j - a potion of flight
 m - a potion of might
 r - a potion of haste
 z - 2 potions of invisibility


   Skills:
 + Level 6.2 Fighting
 + Level 7.4 Short Blades
 + Level 6.2 Throwing
 - Level 1.2 Dodging
 * Level 11.9 Stealth


You had 8 spell levels left.
You didn't know any spells.
Your spell library contained the following spells:

 Spells                   Type           Power      Damage    Failure   Level
 Sandblast                Erth           0%         2d4       32%         1
 Passwall                 Tmut/Erth      0%         N/A       45%         2
 Static Discharge         Conj/Air       0%         N/A       45%         2
 Conjure Flame            Conj/Fire      0%         6-21      69%         3
 Ignite Poison            Fire/Tmut/Pois 0%         N/A       69%         3
 Stone Arrow              Conj/Erth      0%         3d7       69%         3
 Dispel Undead            Necr           0%         3d6       97%         4
 Sticky Flame             Conj/Fire      0%         2d3       97%         4


Dungeon Overview and Level Annotations

Branches:
Dungeon (7/15)
 Temple: D:4-7

Altars:
Ashenzari
Ru

Annotations:
D:5 2 runed translucent doors


Innate Abilities, Weirdness & Mutations

You are a tree.
Your roots penetrate the ground, keeping you stationary.
You cannot be teleported.
You are immune to unholy pain and torment.
Your maximum health is greatly increased.
Your equipment is partially melded.
You are small and have problems with some larger weapons.
You are completely attuned to the shadows.


Message History

The killer bee closely misses you. x3
You catch the helpless killer bee completely off-guard!
You stick the killer bee like a pincushion!!!
You kill the killer bee!
You feel sick. The killer bee stings you.
* * * LOW HITPOINT WARNING * * *
You are lethally poisoned!
The killer bee poisons you!
The killer bee stings you but does no damage.
Unknown command.
Aiming: Mindburst
Press: ? - help, Shift-Dir - straight line, f - killer bee
Aim: a killer bee (moderately wounded, chance to affect: 72%)
The killer bee's mind is blasted!!
You blow up the killer bee!
* * * LOW HITPOINT WARNING * * *
You feel very sick.
Okay, then.
* * * LOW HITPOINT WARNING * * *
You feel very sick.
* * * LOW HITPOINT WARNING * * *
You feel very sick.
Really quaff the potion of lignification?
You turn into a tree.
The cursed +0 cloak of the Revealing Apathy {Comp, Self} melds into your body.
Your +0 helmet melds into your body.
Your +0 pair of gloves melds into your body.
The cursed +0 robe "Sun of the Elysian Seer" {Range, Comp} melds into your body.
Your roots penetrate the ground.
* * * LOW HITPOINT WARNING * * *
You feel very sick.
* * * LOW HITPOINT WARNING * * *
You feel sick.
* * * LOW HITPOINT WARNING * * *
You feel sick.
You feel very mighty all of a sudden.
* * * LOW HITPOINT WARNING * * *
You feel sick.
You cannot move.
You die...

##.....#
#...>..#
##......# ##>.
##.......# #...
####........##
#...
......####...##
#... ....♣##
##...####...
#...##
##...##....
#... ##........
#... ##.......
.... ######## #


There were no monsters in sight!

Vanquished Creatures
  3 yaks (D:5)
  A black bear (D:6)
  2 ice beasts (D:6)
  2 ogres
  A centaur (D:7)
  A phantom (D:5)
  2 kobold brigands (D:6)
  2 bullfrogs
  4 killer bees (D:7)
  A centaur zombie (D:5)
  2 centaur skeletons
  3 hounds
  2 orc priests
  2 iguanas (D:4)
  4 orc wizards
  A hound skeleton (D:5)
  3 gnolls (D:6)
  A howler monkey skeleton (D:6)
  11 adders
  A white imp (D:5)
  An ufetubus (D:5)
  2 adder skeletons (D:4)
  3 worms
  3 dart slugs
  13 orcs
  4 endoplasms
  5 giant cockroaches
  7 goblins
  9 hobgoblins
  13 kobolds
  5 quokkas
  11 ball pythons
  7 bats
  A frilled lizard (D:3)
133 creatures vanquished.

Vanquished Creatures (others)
  2 kobolds
2 creatures vanquished.

Grand Total: 135 creatures vanquished

Notes
Turn   | Place    | Note
-------+----------+-------------------------------------------
     0 | D:1      | Nattfarinn the Kobold Brigand began the quest for the Orb.
     0 | D:1      | Reached XP level 1. HP: 12/12 MP: 1/1
   262 | D:1      | Reached XP level 2. HP: 18/18 MP: 2/2
   476 | D:1      | You fall into a shaft and drop 1 floor!
   524 | D:2      | Reached XP level 3. HP: 22/22 MP: 3/3
   578 | D:2      | Reached skill level 6 in Stealth
   680 | D:1      | Reached XP level 4. HP: 27/27 MP: 4/4
  1146 | D:2      | Found Olodduoh's Distillery.
  1626 | D:2      | Found a faded altar of an unknown god.
  2012 | D:3      | Reached XP level 5. HP: 28/32 MP: 5/5
  2216 | D:3      | Reached skill level 7 in Stealth
  2420 | D:3      | Reached XP level 6. HP: 37/37 MP: 6/6
  3518 | D:4      | Found a broken altar of Ashenzari.
  3522 | D:4      | Noticed an ogre
  3524 | D:4      | Became a worshipper of Ashenzari the Shackled
  3528 | D:4      | Killed an ogre
  3529 | D:4      | Reached skill level 8 in Stealth
  3529 | D:4      | Reached XP level 7. HP: 42/42 MP: 7/7
  4289 | D:4      | Identified the +5 hunting sling "Meppenug" {venom, rN+
                  | Int-4 Dex+2}
  4757 | D:5      | Entered Level 5 of the Dungeon
  4847 | D:5      | Reached skill level 5 in Short Blades
  5112 | D:5      | Found a sacrificial altar of Ru.
  5432 | D:5      | Reached skill level 9 in Stealth
  5455 | D:5      | Noticed a yak
  5456 | D:5      | Noticed a yak
  5456 | D:5      | Noticed a yak
  5458 | D:5      | Killed a yak
  5459 | D:5      | Reached XP level 8. HP: 48/48 MP: 8/8
  5459 | D:5      | Killed a yak
  5460 | D:5      | Reached skill level 5 in Throwing
  5462 | D:5      | Killed a yak
  5463 | D:5      | Reached skill level 5 in Fighting
  5463 | D:5      | Reached skill level 10 in Stealth
  5606 | D:5      | Found a large runed translucent door.
  5647 | D:5      | Found a large runed translucent door.
  6425 | D:6      | Reached * piety under Ashenzari
  6934 | D:6      | Reached XP level 9. HP: 55/55 MP: 9/9
  7001 | D:6      | Reached skill level 11 in Stealth
  8125 | D:7      | HP: 4/82 [poisoned by a killer bee]
  8127 | D:7      | HP: 1/82 [poisoned by a killer bee]
  8128 | D:7      | Succumbed to a killer bee's poison

Illustrated notes

Levels and vault maps discovered:
D:1:      dpeg_arrival_ternary, layout_loops_corners, minmay_cut_off
D:2:      layout_basic, shapermc_ecumenical_altar_ellora, serial_shops, shop
D:3:      layout_basic
D:4:      layout_basic, ashenzari_altar_1
D:5:      layout_cave_pods, nicolae_ru_sacrificial_ziggurat,
          jmf_multi_god_temple2
D:6:      layout_basic, small_statue_intersection
D:7:      layout_layer_cave, temple_doors_cd, enter_bailey_3

Skill      XL: |  1  2  3  4  5  6  7  8  9 |
---------------+----------------------------+-----
Short Blades   | 3 4 5 6 7 |  7.4
Stealth        | 6 7 8 9 10 11 | 11.9
Throwing       | 3 4 5 6 |  6.2
Fighting       | 3 4 5 6 |  6.2
Dodging        | |  1.2

Action                   |  1- 3 |  4- 6 |  7- 9 || total
-------------------------+-------+-------+-------++-------
Melee: Dagger            |    41 |   176 |   270 ||   487
       Punch             |       |     2 |     2 ||     4
Throw: Dart              |       |       |     2 ||     2
Invok: Curse Item        |       |       |     2 ||     2
Evoke: Wand              |       |       |    14 ||    14
  Use: Scroll            |       |     3 |     1 ||     4
       Potion            |       |       |     7 ||     7
 Stab: Sleeping          |    13 |    36 |    26 ||    75
       Invisible         |       |       |     1 ||     1
Armor: Robe              |     9 |    39 |   101 ||   149
Dodge: Dodged            |    20 |    93 |   177 ||   290

Table legend: (Time is in decaauts)
 A = Elapsed time spent in this place.
 B = Non-inter-level travel time spent in this place.
 C = Inter-level travel time spent in this place.
 D = Time resting spent in this place.
 E = Time spent auto-exploring this place.
 F = Levels seen in this place.
 G = Mean time per level.
                   A        B        C        D        E       F      G
               +--------+--------+--------+--------+--------+-----+--------+
         Total |   8020 |   7477 |    543 |    662 |   5831 |   7 | 1145.7 |
       Dungeon |   8020 |   7477 |    543 |    662 |   5831 |   7 | 1145.7 |
               +--------+--------+--------+--------+--------+-----+--------+

Top non-repeatable levels by time:
     D:6: 2081 daAuts
     D:3: 1361 daAuts
     D:2: 1152 daAuts
     D:5: 1130 daAuts
     D:4: 1107 daAuts
     D:1: 1088 daAuts
     D:7: 98 daAuts
